Map: Submarine LE

Players

erftyh - Winner!

  • Race: Terran Terran
  • League: Diamond
  • Spawn Location: 11:00

Massa

  • Race: Terran Terran
  • League: Platinum
  • Spawn Location: 5:00

VOD

Have the link to the VOD?

Description

Time

  • Played on: Feb. 21, 2021, 7:55 a.m.
  • Length: 12:31
Show
View Real Time Build Order
Export as new Build Order

erftyh Terran - Winner!

Build Orders:  

Get SALT Encoding   

  12  0:01  SCV  
  13  0:13  SCV  
  14  0:22  Supply Depot  
  14  0:25  SCV  
  15  0:45  Barracks  
  15  0:54  Barracks  
  15  0:57  SCV  
  16  1:05  Refinery  
  16  1:09  SCV  
  17  1:16  Supply Depot  
  17  1:21  SCV  
  18  1:34  Marine  
  19  1:41  Marine  
  19  1:46  Bunker  
  20  1:51  Orbital Command  
  20  1:52  Marine  
  21  2:16  Marine x2  
  21  2:21  SCV  
  24  2:27  Refinery  
  24  2:35  Marine x2  
  26  2:44  SCV  
  27  2:53  Marine x2  
  28  3:10  Marine x2  
  30  3:16  SCV  
  30  3:17  Factory, Command Center  
  31  3:21  Supply Depot  
  31  3:30  SCV  
  31  3:42  Marine x2  
  33  3:50  SCV  
  27  4:00  Marine x2  
  28  4:02  SCV  
  28  4:06  Factory Tech Lab  
  28  4:09  Starport  
  26  4:23  SCV  
  27  4:24  Marine x2  
  29  4:33  Siege Tank  
  29  4:37  SCV  
  33  4:47  Engineering Bay  
  33  4:48  SCV  
  33  4:52  Starport Tech Lab, Fusion Core  
  34  4:54  SCV  
  35  5:03  SCV  
  35  5:06  SCV  
  37  5:07  Refinery  
  37  5:18  Planetary Fortress, Missile Turret  
  37  5:23  SCV  
  37  5:24  Refinery  
  38  5:29  Viking  
  38  5:35  SCV  
  41  5:43  Missile Turret  
  41  5:47  SCV  
  42  5:59  SCV x2  
  44  6:10  Battlecruiser  
  50  6:11  SCV  
  50  6:16  Widow Mine  
  50  6:17  Armory  
  49  6:24  SCV x2  
  51  6:37  SCV x2  
  53  6:46  Command Center  
  53  6:50  SCV  
  54  6:55  SCV  
  53  7:01  Starport  
  53  7:07  Terran Ship Weapons Level 1, Supply Depot  
  53  7:15  Battlecruiser  
  59  7:23  Weapon Refit  
  59  7:44  Starport Tech Lab  
  59  7:48  Starport  
  59  7:52  Neosteel Armor  
  59  7:54  Command Center  
  59  8:21  Battlecruiser  
  59  8:22  Planetary Fortress  
  59  8:24  SCV x2  
  67  8:35  Starport Tech Lab  
  67  8:36  SCV  
  68  8:45  SCV  
  69  8:48  SCV  
  69  8:50  Refinery  
  69  8:54  Missile Turret  
  70  8:57  SCV  
  70  8:58  Battlecruiser  
  70  9:00  SCV  
  78  9:06  Missile Turret  
  78  9:09  SCV  
  79  9:10  SCV  
  79  9:12  Refinery  
  79  9:13  SCV  
  81  9:20  Battlecruiser  
  81  9:21  SCV  
  88  9:27  Terran Vehicle And Ship Armor Level 1  
  88  9:31  SCV x2  
  91  9:45  SCV x2  
  91  9:47  SCV  
  93  9:54  Battlecruiser  
  93  9:55  Supply Depot  
  99  10:12  Command Center  
  99  10:17  Battlecruiser  
  99  10:20  Command Center  
  105  10:26  Supply Depot  
  105  10:47  Planetary Fortress  
  105  10:48  Battlecruiser  
  105  10:49  Supply Depot  
  111  11:00  SCV x2  
  111  11:01  SCV  
  111  11:02  Refinery  
  111  11:03  Refinery  
  114  11:05  Missile Turret  
  114  11:10  Battlecruiser  
  119  11:26  SCV  
  119  11:27  Refinery, SCV x2  
  119  11:29  SCV  
  123  11:37  Planetary Fortress  
  129  11:41  SCV  
  130  11:53  SCV, Supply Depot  
  131  12:00  Refinery  
  137  12:03  Missile Turret  
  137  12:05  SCV  
Show
View Real Time Build Order
Export as new Build Order

Massa Terran 

Build Orders:  

Get SALT Encoding   

  12  0:00  SCV  
  13  0:12  SCV  
  14  0:18  Supply Depot  
  14  0:24  SCV  
  15  0:40  SCV  
  15  0:41  Barracks  
  16  0:47  Refinery  
  16  0:52  SCV  
  17  1:04  SCV  
  18  1:16  SCV  
  19  1:28  SCV  
  19  1:29  Barracks  
  19  1:30  Marine  
  19  1:31  Supply Depot  
  21  1:38  Bunker  
  21  1:46  Orbital Command  
  21  2:07  Marine  
  19  2:14  SCV  
  20  2:19  Barracks  
  20  2:32  Barracks  
  20  2:33  Supply Depot  
  20  2:43  Marine  
  21  2:47  SCV  
  22  2:53  Supply Depot  
  21  3:01  Marine  
  22  3:06  Marine  
  23  3:13  Factory  
  23  3:15  SCV  
  25  3:24  Marine  
  25  3:35  Supply Depot  
  23  3:48  Marine  
  16  4:03  Barracks  
  16  4:07  Supply Depot  
  15  4:24  Marine  
  14  4:32  SCV  
  15  4:46  Factory Tech Lab, Marine  
  15  4:50  Marine  
  15  4:52  SCV  
  18  5:04  Marine  
  18  5:06  SCV  
  20  5:08  Marine  
  21  5:15  Siege Tank  
  21  5:18  SCV  
  25  5:22  Marine  
  25  5:25  Marine  
  27  5:30  SCV  
  28  5:40  Barracks Tech Lab  
  28  5:42  SCV  
  29  5:43  Marine  
  29  5:47  Widow Mine  
  32  6:01  Marine  
  32  6:04  Marauder  
  35  6:05  SCV  
  36  6:17  SCV  
  34  6:29  SCV  
  34  6:35  Engineering Bay  
  34  6:41  SCV  
  34  6:45  Command Center  
  35  6:54  SCV  
  32  7:09  Marauder, Marine  
  32  7:12  SCV  
  36  7:16  Missile Turret  
  36  7:21  Starport  
  36  7:22  Stimpack  
  26  7:40  Refinery  
  26  7:41  Cyclone  
  26  7:42  Marine  
  26  7:43  Marine  
  30  7:52  SCV  
  31  8:00  Marine  
  31  8:02  Marine  
  33  8:07  Missile Turret  
  33  8:09  Orbital Command  
  33  8:11  SCV  
  34  8:19  Cyclone  
  37  8:23  SCV  
  38  8:28  Missile Turret  
  38  8:35  SCV  
  38  8:36  SCV  
  38  8:39  Barracks Reactor  
  40  8:46  Supply Depot  
  40  8:47  SCV  
  41  8:51  SCV  
  41  8:54  Siege Tank  
  45  8:59  Starport Tech Lab, SCV  
  46  9:03  SCV  
  47  9:10  Refinery  
  47  9:11  SCV  
  47  9:16  SCV  
  47  9:17  Combat Shield  
  49  9:23  SCV  
  50  9:25  Missile Turret  
  50  9:28  SCV  
  51  9:31  Marine  
  51  9:32  Marine x2  
  54  9:48  Raven  
  54  9:49  SCV x2, Marine x2  
  54  9:50  Marine  
  61  10:01  SCV  
  62  10:09  Supply Depot  
  62  10:12  Supply Depot  
  62  10:16  Command Center  
  62  10:18  Supply Depot  
  62  10:19  Supply Depot  
  62  10:26  Armory, Terran Infantry Weapons Level 1  
  62  10:30  SCV x2, Marine x2  
  62  10:32  Marine  
  67  10:35  Concussive Shells  
  67  10:37  Viking  
  67  10:42  SCV x2  
  71  10:48  Marine x2  
  73  11:03  SCV  
  73  11:04  SCV  
  75  11:16  SCV  
  75  11:29  Refinery  
  75  11:33  Missile Turret  
  75  11:35  Sensor Tower  
  75  11:42  Sensor Tower, Marauder, Marine x2  
  75  11:45  Thor  
  87  11:54  Missile Turret  
  87  11:59  Marine x2  
  89  12:03  Marauder  
Tags
 
Matchup
TvT
Race
Terran
Replay Pack
Multiplayer
Spawn Locations
Cross Positions
Add a new tag
Caveats
  • Supply blocks, unpowered buildings, or Contaminate may cause inaccurate times.
  • Supply counts are checked every 10 seconds.